NCAA
XAVIER MUSKETEERS @ GEORGIA BULLDOGS
05/13/2028
 
TOP OF THE 1ST
Xavier Musketeers batting - Pitching for Georgia Bulldogs : RHP Marcus Frank
Pitching: RHP Marcus Frank
Batting: RHB Art Cornell 0-0: Called Strike
0-1: Bunt missed!
0-2: Ball
1-2: Foul Ball, location: 2F
1-2: Strikes out looking
Batting: RHB Florentino López 0-0: Ball
1-0: Ball
2-0: Ball
3-0: Called Strike
3-1: Base on Balls
Batting: LHB Freddy Torres 0-0: Called Strike
0-1: Swinging Strike
0-2: Strikes out swinging
Batting: LHB Luis Martínez 0-0: Called Strike
0-1: Called Strike
0-2: Foul Ball, location: 2F
0-2: Strikes out swinging
Top of the 1st over - 0 run(s), 0 hit(s), 0 error(s), 1 left on base; Xavier 0 - Georgia 0
BOTTOM OF THE 1ST
Georgia Bulldogs batting - Pitching for Xavier Musketeers : RHP Brit Mays
Pitching: RHP Brit Mays
Batting: RHB John Field 0-0: SINGLE (Line Drive, 8LS)
Batting: RHB Ángel Torres 0-0: Called Strike
0-1: Ball
1-1: Ball
2-1: Ball
3-1: Grounds into double play, 6-4-3 (Groundball, 6)
Batting: RHB Tom Stoltz 0-0: Called Strike
0-1: Ball
1-1: Called Strike
1-2: Foul Ball, location: 2F
1-2: Foul Ball, location: 2F
1-2: Foul Ball, location: 2F
1-2: Strikes out swinging
Bottom of the 1st over - 0 run(s), 1 hit(s), 0 error(s), 0 left on base; Xavier 0 - Georgia 0
TOP OF THE 2ND
Xavier Musketeers batting - Pitching for Georgia Bulldogs : RHP Marcus Frank
Batting: RHB Jeff Lawrence 0-0: Called Strike
0-1: Ball
1-1: Ground out 6-3 (Groundball, 6)
Batting: LHB Pancho Robles 0-0: Foul Ball, location: 2F
0-1: Swinging Strike
0-2: Strikes out looking
Batting: RHB Weldon Samuels 0-0: Ball
1-0: Fly out, F8 (Line Drive, 8RM)
Top of the 2nd over - 0 run(s), 0 hit(s), 0 error(s), 0 left on base; Xavier 0 - Georgia 0
BOTTOM OF THE 2ND
Georgia Bulldogs batting - Pitching for Xavier Musketeers : RHP Brit Mays
Batting: RHB Gerald Miller 0-0: Ball
1-0: Ground out 6-3 (Groundball, 6)
Batting: SHB Jean-François St-Amant 0-0: Ball
1-0: Ball
2-0: Ball
3-0: Called Strike
3-1: Fly out, F8 (Flyball, 8LS)
Batting: RHB Russell Maldonado 0-0: Foul Ball, location: 2F
0-1: Ball
1-1: Called Strike
1-2: Ground out 4-3 (Groundball, 4)
Bottom of the 2nd over - 0 run(s), 0 hit(s), 0 error(s), 0 left on base; Xavier 0 - Georgia 0
TOP OF THE 3RD
Xavier Musketeers batting - Pitching for Georgia Bulldogs : RHP Marcus Frank
Batting: LHB Bobby Meegan 0-0: Ball
1-0: Ball
2-0: Ball
3-0: Base on Balls
Batting: RHB Les Rupp 0-0: Ball
1-0: Called Strike
1-1: Ball
2-1: Ball
3-1: Swinging Strike
3-2: Fielders Choice at 2nd, 6-4 (Groundball, 6)
Batting: RHB Art Cornell 0-0: Ball
1-0: Ball
2-0: Called Strike
2-1: Foul Ball, location: 2F
2-2: Strikes out looking
Batting: RHB Florentino López 0-0: Ball
1-0: 2-RUN HOME RUN (Flyball, 78XD), Distance : 378 ft
Batting: LHB Freddy Torres 0-0: Foul Ball, location: 2F
0-1: Swinging Strike
0-2: Strikes out swinging
Top of the 3rd over - 2 run(s), 1 hit(s), 0 error(s), 0 left on base; Xavier 2 - Georgia 0
BOTTOM OF THE 3RD
Georgia Bulldogs batting - Pitching for Xavier Musketeers : RHP Brit Mays
Batting: RHB Ernie Ross 0-0: Called Strike
0-1: SINGLE (Flyball, 7LS)
Batting: RHB Jeff Allen 0-0: Foul Ball, location: 2F
0-1: Swinging Strike
0-2: Foul Ball, location: 2F
0-2: Strikes out swinging
Batting: LHB Bill Williams 0-0: Called Strike
Ernie Ross is caught stealing 2nd base
0-1: Ball
1-1: SINGLE (Line Drive, 6)
Batting: RHB John Field 0-0: Ball
1-0: Ball
2-0: Ball
3-0: Base on Balls
Bill Williams to second
Batting: RHB Ángel Torres 0-0: Called Strike
0-1: Ball
1-1: Fly out, F9 (Line Drive, 9)
Bottom of the 3rd over - 0 run(s), 2 hit(s), 0 error(s), 2 left on base; Xavier 2 - Georgia 0
TOP OF THE 4TH
Xavier Musketeers batting - Pitching for Georgia Bulldogs : RHP Marcus Frank
Batting: LHB Luis Martínez 0-0: Called Strike
0-1: Swinging Strike
0-2: Ground out U3 (Groundball, 3)
Batting: RHB Jeff Lawrence 0-0: Ball
1-0: Called Strike
1-1: Foul Ball, location: 2F
1-2: Foul Ball, location: 2F
1-2: Foul Ball, location: 2F
1-2: Ball
2-2: Strikes out swinging
Batting: LHB Pancho Robles 0-0: Called Strike
0-1: Ball
1-1: Called Strike
1-2: Foul Ball, location: 2F
1-2: Strikes out swinging
Top of the 4th over - 0 run(s), 0 hit(s), 0 error(s), 0 left on base; Xavier 2 - Georgia 0
BOTTOM OF THE 4TH
Georgia Bulldogs batting - Pitching for Xavier Musketeers : RHP Brit Mays
Batting: RHB Tom Stoltz 0-0: Called Strike
0-1: Ball
1-1: Called Strike
1-2: Ball
2-2: Ball
3-2: Fly out, F7 (Flyball, 7)
Batting: RHB Gerald Miller 0-0: Called Strike
0-1: Called Strike
0-2: Foul Ball, location: 2F
0-2: Ball
1-2: Ball
2-2: Ball
3-2: Strikes out swinging
Batting: SHB Jean-François St-Amant 0-0: Called Strike
0-1: SINGLE (Groundball, 2R) (infield hit)
Batting: RHB Russell Maldonado 0-0: Ball
1-0: Fly out, F8 (Flyball, 89S)
Bottom of the 4th over - 0 run(s), 1 hit(s), 0 error(s), 1 left on base; Xavier 2 - Georgia 0
TOP OF THE 5TH
Xavier Musketeers batting - Pitching for Georgia Bulldogs : RHP Marcus Frank
Batting: RHB Weldon Samuels 0-0: Ground out 4-3 (Groundball, 4MD)
Batting: LHB Bobby Meegan 0-0: Called Strike
0-1: Ball
1-1: Ball
2-1: Ball
3-1: Base on Balls
Batting: RHB Les Rupp 0-0: Ball
1-0: Ball
2-0: Swinging Strike
2-1: Ball
3-1: Base on Balls
Bobby Meegan to second
Batting: RHB Art Cornell 0-0: Called Strike
0-1: Ball
1-1: Ball
2-1: Ball
3-1: Foul Ball, location: 2F
3-2: Base on Balls
Bobby Meegan to third
Les Rupp to second
Batting: RHB Florentino López 0-0: Ball
1-0: Foul Ball, location: 2F
1-1: Foul Ball, location: 2F
1-2: Ball
2-2: Fly out, F9 (Flyball, 89M)
Runner from 3rd tags up, SCORES, throw made
Pitching: LHP Monty Bint
Batting: LHB Freddy Torres 0-0: Ball
1-0: Called Strike
1-1: Foul Ball, location: 2F
1-2: Foul Ball, location: 2F
1-2: Reached on error, E4 (Groundball, 4)
Les Rupp to third
Art Cornell to second
Batting: LHB Luis Martínez 0-0: Swinging Strike
0-1: Foul Ball, location: 2F
0-2: Strikes out looking
Top of the 5th over - 1 run(s), 0 hit(s), 1 error(s), 3 left on base; Xavier 3 - Georgia 0
BOTTOM OF THE 5TH
Georgia Bulldogs batting - Pitching for Xavier Musketeers : RHP Brit Mays
Batting: RHB Ernie Ross 0-0: SINGLE (Groundball, 6MD)
Batting: RHB Jeff Allen 0-0: SINGLE (Line Drive, 8LS)
Ernie Ross to second
Batting: LHB Bill Williams 0-0: Called Strike
0-1: Ball
1-1: Swinging Strike
1-2: Ball
2-2: Foul Ball, location: 2F
2-2: Ball
3-2: Base on Balls
Ernie Ross to third
Jeff Allen to second
Batting: RHB John Field 0-0: Called Strike
0-1: Ball
1-1: Swinging Strike
1-2: Strikes out swinging
Batting: RHB Ángel Torres 0-0: Called Strike
0-1: Ball
1-1: Ball
2-1: Ball
3-1: GRAND SLAM HOME RUN (Flyball, 89D), Distance : 365 ft
Batting: RHB Tom Stoltz 0-0: Called Strike
0-1: Ball
1-1: Fly out, F9 (Flyball, 9)
Batting: RHB Gerald Miller 0-0: Ball
1-0: Ball
2-0: Called Strike
2-1: Ball
3-1: Foul Ball, location: 2F
3-2: Base on Balls
Pitching: RHP Leonard Henderson
Batting: SHB Jean-François St-Amant 0-0: Ball
1-0: Swinging Strike
1-1: Ball
2-1: Ball
3-1: Base on Balls
Gerald Miller to second
Batting: RHB Russell Maldonado 0-0: Called Strike
0-1: SINGLE (Line Drive, 6MD)
Gerald Miller to third
Jean-François St-Amant to second
Batting: RHB Ernie Ross 0-0: Called Strike
0-1: Foul Ball, location: 2F
0-2: Ball
1-2: Foul Ball, location: 2F
1-2: Fly out, F7 (Flyball, 78M)
Bottom of the 5th over - 4 run(s), 4 hit(s), 0 error(s), 3 left on base; Xavier 3 - Georgia 4
TOP OF THE 6TH
Xavier Musketeers batting - Pitching for Georgia Bulldogs : LHP Monty Bint
Batting: RHB Jeff Lawrence 0-0: Ball
1-0: Ball
2-0: Ball
3-0: Called Strike
3-1: Called Strike
3-2: Foul Ball, location: 2F
3-2: Foul Ball, location: 2F
3-2: Base on Balls
Batting: LHB Pancho Robles 0-0: Called Strike
0-1: Fielders Choice at 2nd, 4-6 (Groundball, 34)
Batting: RHB Weldon Samuels 0-0: Called Strike
Pancho Robles is caught stealing 2nd base
0-1: Ball
1-1: SINGLE (Groundball, 6MD)
Batting: LHB Bobby Meegan 0-0: Foul Ball, location: 2F
0-1: Ball
1-1: Ball
2-1: Fielders Choice at 2nd, 4-6 (Groundball, 4)
Top of the 6th over - 0 run(s), 1 hit(s), 0 error(s), 0 left on base; Xavier 3 - Georgia 4
BOTTOM OF THE 6TH
Georgia Bulldogs batting - Pitching for Xavier Musketeers : RHP Leonard Henderson
Batting: RHB Jeff Allen 0-0: Called Strike
0-1: Ball
1-1: SINGLE (Groundball, 6MD)
Batting: LHB Bill Williams 0-0: Ball
1-0: Called Strike
1-1: Fly out, F7 (Flyball, 78M)
Batting: RHB John Field 0-0: Ball
Jeff Allen steals 2nd base
1-0: Intentional Walk
Batting: RHB Ángel Torres 0-0: Swinging Strike
0-1: Ball
1-1: Called Strike
1-2: Foul Ball, location: 2F
1-2: Strikes out swinging
Batting: RHB Tom Stoltz 0-0: Called Strike
0-1: Ball
1-1: Ball
2-1: Fielders Choice at 2nd, 5-4 (Groundball, 5)
Bottom of the 6th over - 0 run(s), 1 hit(s), 0 error(s), 1 left on base; Xavier 3 - Georgia 4
TOP OF THE 7TH
Xavier Musketeers batting - Pitching for Georgia Bulldogs : LHP Monty Bint
Batting: RHB Les Rupp 0-0: Fly out, F7 (Flyball, 7LS)
Batting: RHB Art Cornell 0-0: Called Strike
0-1: Ball
1-1: Ball
2-1: Ball
3-1: Called Strike
3-2: Base on Balls
Batting: RHB Florentino López 0-0: Ball
1-0: Called Strike
1-1: Fly out, F4 (Line Drive, 4M)
Batting: LHB Freddy Torres 0-0: Called Strike
0-1: Ball
1-1: Ball
2-1: SINGLE (Groundball, 56S) (infield hit)
Art Cornell to second
Batting: LHB Luis Martínez 0-0: Ball
1-0: Called Strike
1-1: Ball
2-1: Foul Ball, location: 2F
2-2: Fielders Choice at 2nd, 6-4 (Groundball, 6)
Top of the 7th over - 0 run(s), 1 hit(s), 0 error(s), 1 left on base; Xavier 3 - Georgia 4
BOTTOM OF THE 7TH
Georgia Bulldogs batting - Pitching for Xavier Musketeers : RHP Leonard Henderson
Batting: RHB Gerald Miller 0-0: Called Strike
0-1: Hit by Pitch
Batting: SHB Jean-François St-Amant 0-0: Ball
1-0: Called Strike
1-1: Fly out, F8 (Flyball, 78S)
Batting: RHB Russell Maldonado 0-0: Ball
Gerald Miller is caught stealing 2nd base
1-0: Called Strike
1-1: Foul Ball, location: 2F
1-2: Ground out 4-3 (Groundball, 4)
Bottom of the 7th over - 0 run(s), 0 hit(s), 0 error(s), 0 left on base; Xavier 3 - Georgia 4
TOP OF THE 8TH
Xavier Musketeers batting - Pitching for Georgia Bulldogs : LHP Monty Bint
Pitching: RHP Bob Freitas
Batting: RHB Jeff Lawrence 0-0: Called Strike
0-1: Called Strike
0-2: SINGLE (Line Drive, 6D)
Pitching: LHP Donald Gallagher
Pinch Runner at 1st Jim Hall:
Batting: LHB Pancho Robles 0-0: Sac Bunt - play at first, batter OUT! 1-4
Jim Hall to second
Pitching: RHP Norberto Pérez
Batting: RHB Weldon Samuels 0-0: Foul Ball, location: 2F
0-1: Swinging Strike
0-2: Foul Ball, location: 2F
0-2: Foul Ball, location: 2F
0-2: Strikes out swinging
Pitching: LHP Bob Gaudet
Batting: LHB Bobby Meegan 0-0: Called Strike
0-1: Ball
1-1: Ball
2-1: Swinging Strike
2-2: Strikes out looking
Top of the 8th over - 0 run(s), 1 hit(s), 0 error(s), 1 left on base; Xavier 3 - Georgia 4
BOTTOM OF THE 8TH
Georgia Bulldogs batting - Pitching for Xavier Musketeers : RHP Leonard Henderson
Now at 3B: Clifton Powers
Batting: RHB Ernie Ross 0-0: Called Strike
0-1: Ball
1-1: Ball
2-1: Foul Ball, location: 2F
2-2: Ball
3-2: Foul Ball, location: 2F
3-2: Ground out 6-3 (Groundball, 6)
Batting: RHB Jeff Allen 0-0: Ball
1-0: Ground out 5-3 (Groundball, 5)
Batting: LHB Bill Williams 0-0: Ball
1-0: Called Strike
1-1: Ball
2-1: Swinging Strike
2-2: Ball
3-2: Strikes out swinging
Bottom of the 8th over - 0 run(s), 0 hit(s), 0 error(s), 0 left on base; Xavier 3 - Georgia 4
TOP OF THE 9TH
Xavier Musketeers batting - Pitching for Georgia Bulldogs : LHP Bob Gaudet
Pitching: LHP Jason Cabrera
Now at 1B: Leroy Surtees
Batting: RHB Les Rupp 0-0: Ball
1-0: Foul Ball, location: 2F
1-1: Foul Ball, location: 2F
1-2: Ball
2-2: Strikes out looking
Batting: RHB Art Cornell 0-0: Ball
1-0: Fly out, F9 (Flyball, 89M)
Batting: RHB Florentino López 0-0: Ground out 4-3 (Groundball, 4M)
Top of the 9th over - 0 run(s), 0 hit(s), 0 error(s), 0 left on base; Xavier 3 - Georgia 4
Tuesday, August 8th, 2017 - OOTP Baseball 17.12 Build 75